 Dungeon Crawl Stone Soup version 0.30-a0-1082-g70414cbcbb (webtiles) character file.

Game seed: 13213370431042536668

1159 cforsyth the Summoner (level 8, -1/46 HPs)
             Began as an Octopode Summoner on Apr 15, 2023.
             Was an Initiate of Gozag.
             Slain by a gnoll
             ... wielding a +0 spear
              (10 damage)
             ... on level 4 of the Dungeon.
             The game lasted 00:06:04 (3536 turns).

cforsyth the Summoner (Octopode Summoner)           Turns: 3536, Time: 00:06:04

Health: -1/46      AC:  1    Str:  7    XL:     8   Next: 39%
Magic:  17/17      EV: 13    Int: 19    God:    Gozag
Gold:   263        SH:  5    Dex: 13    Spells: 11/20 levels left

rFire   . . .      SeeInvis .    r - +6 dagger "Cuufieso" {spect, rElec rC++}
rCold   + + .      Faith    .    (no shield)
rNeg    . . .      Spirit   .    (helmet restricted)
rPois   +          Reflect  +    l - amulet of reflection
rElec   +          Rampage  .    h - ring of poison resistance
rCorr   .                        i - ring of wizardry
Will    .....                    (no ring)
Stlth   +++                      (no ring)
HPRegen 0.27/turn                (no ring)
MPRegen 0.15/turn                (no ring)
                                 (no ring)
                                 (no ring)

@: gold aura
A: almost no armour, amphibious, 8 rings, camouflage 1, gelatinous body 1,
(nimble swimmer 1), tentacles
a: Renounce Religion, Potion Petition, Call Merchant, Bribe Branch


You were on level 4 of the Dungeon.
You worshipped Gozag.
Gozag was aware of your devotion.
You visited 2 branches of the dungeon, and saw 5 of its levels.

You collected 318 gold pieces.
You paid 55 gold pieces to Gozag.

Inventory:

Hand Weapons
 r - the +6 dagger "Cuufieso" (weapon) {spect, rElec rC++}
   (You found it on level 2 of the Dungeon)

   rC:        It greatly protects you from cold.
   rElec:     It insulates you from electricity.
Magical Staves
 f - a staff of poison
Jewellery
 h - a ring of poison resistance (left tentacle)
 i - a ring of wizardry (right tentacle)
 k - an amulet of guardian spirit
 l - an amulet of reflection (around mantle)
Wands
 p - a wand of digging (7)
 w - a wand of flame (23)
Scrolls
 d - 4 scrolls of immolation {unknown}
 e - 6 scrolls of identify {unknown}
 g - a scroll of brand weapon {unknown}
 j - 2 scrolls of fear {unknown}
 m - a scroll of teleportation {unknown}
 n - 2 scrolls of vulnerability {unknown}
 o - 3 scrolls of enchant weapon {unknown}
 t - a scroll of blinking {unknown}
 x - a scroll of poison {unknown}
 y - a scroll of amnesia {unknown}
Potions
 a - a potion of magic
 b - 2 potions of curing {unknown}
 c - 3 potions of brilliance {unknown}
 q - 2 potions of flight {unknown}
 s - 2 potions of berserk rage {unknown}
 u - a potion of cancellation {unknown}
 v - a potion of lignification {unknown}


   Skills:
 - Level 2.0 Dodging
 - Level 2.6 Stealth
 + Level 6.5 Spellcasting
 + Level 8.0 Summonings


You had 11 spell levels left.
You knew the following spells:

 Your Spells              Type           Power      Damage    Failure   Level
a - Summon Small Mammal   Summ           100%       N/A       1%          1
b - Call Imp              Summ           72%        N/A       1%          2
c - Call Canine Familiar  Summ           36%        N/A       1%          3
d - Summon Guardian Gole  Hex/Summ       21%        N/A       2%          3

Your spell library contained the following spells:

 Spells                   Type           Power      Damage    Failure   Level
 Kiss of Death            Conj/Necr      24%        2d7       4%          1
 Ensorcelled Hibernation  Hex/Ice        12%        N/A       6%          2
 Passwall                 Tmut/Erth      5%         N/A       6%          2
 Summon Lightning Spire   Summ/Air       21%        N/A       9%          4
 Stone Arrow              Conj/Erth      12%        3d7       13%         3
 Swiftness                Air            6%         N/A       13%         3
 Petrify                  Tmut/Erth      6%         N/A       38%         4
 Borgnjor's Revivificati  Necr           3%         N/A       100%        8


Dungeon Overview and Level Annotations

Branches:
Dungeon (4/15)             Temple (1/1) D:4

Altars:
Cheibriados
Elyvilon
Gozag
Hepliaklqana
Okawaru
Ru
Trog
Uskayaw
Vehumet
Wu Jian
Yredelemnul
Zin

Shops:
D:1 (

Annotations:
D:4 1 runed translucent door, relicbr's ghost, amateur HOMo


Innate Abilities, Weirdness & Mutations

You cannot wear most types of armour.
You are amphibious.
You can wear up to eight rings at the same time.
Your skin changes colour to match your surroundings (Stealth+).
Your rubbery body absorbs attacks. (AC +1, EV +1)
((You are camouflaged when in or above water. (Stealth+)))
You have tentacles for arms and can constrict up to eight enemies at once.


Message History

You block the gnoll's attack. The hound bites you.
Your cerulean imp hits the hound from afar with a +0 spear.
Your hound bites the hound.
You hit the hound. You squeeze the hound.
You kill the hound!
The gnoll hits you from afar with a +0 spear.
You block the gnoll's attack.
Your cerulean imp hits the gnoll from afar with a +0 spear.
Your Summonings skill increases to level 8!
You closely miss the gnoll. You grab the gnoll.
Your +6 dagger "Cuufieso" {spect, rElec rC++} hits the gnoll!
You constrict the gnoll.
Your hound bites the gnoll but does no damage.
The gnoll hits you from afar with a +0 spear.
The gnoll hits you but does no damage. The gnoll barely misses your hound.
The gnoll completely misses your +6 dagger "Cuufieso" {spect, rElec rC++}.
Your hound bites the gnoll.
The gnoll dies!
Your cerulean imp misses the gnoll.
You swap places.
Found 4 gold pieces.
An adder comes into view.
Your hound closely misses the gnoll.
You block the gnoll's attack. The gnoll hits you with a +0 spear!
Your cerulean imp barely misses the gnoll.
You see here 7 gold pieces.
You are too injured to fight recklessly!
The gnoll attacks as you move away! The gnoll barely misses you.
Your hound bites the gnoll but does no damage.
The gnoll hits you from afar with a +0 spear!
* * * LOW HITPOINT WARNING * * *
The gnoll hits you from afar with a +0 spear.
* * * LOW HITPOINT WARNING * * *
Your cerulean imp hits the gnoll from afar with a +0 spear.
Your hound bites the gnoll.
Unknown command.
Unknown command.
Your hound bites the gnoll.
The gnoll hits you from afar with a +0 spear!
You die...
Your body crumbles into a pile of gold.

..............#.........
............. ..........
............. .......#####
.#### ...(.........
#.........# .....
.##.........#####.........#
..... #........$.........#
.....
#..................++#....
#...[.hg...............##.
#.....$$5@...##.........#.
#.....gg.....##.........#.
#.............#.......#'#.
#.S........$..#....##.....
..............#...........
..............#...........
..............#........##.
.##.....$.....#........##.
$ #.....######


You could see 3 gnolls, an adder, a friendly hound (summoned) and a friendly
cerulean imp (summoned).

Vanquished Creatures
  2 hounds (D:4)
  3 worms
  2 dart slugs
  8 orcs (D:3)
  2 ball pythons
  3 bats
  3 endoplasms
  6 goblins
  2 hobgoblins
  7 jackals
  3 kobolds
  2 quokkas
  4 frilled lizards
  4 rats
51 creatures vanquished.

Vanquished Creatures (collateral kills)
  2 jellies
  A hound (D:4)
  A sleepcap (D:4)
  A gnoll (D:4)
  2 adders (D:4)
  A worm (D:2)
  2 dart slugs
  2 orcs
  3 endoplasms
  3 hobgoblins
  7 jackals
  2 quokkas (D:2)
  2 ball pythons
  3 goblins
  3 rats
35 creatures vanquished.

Vanquished Creatures (others)
  6 yaks (D:4)
6 creatures vanquished.

Grand Total: 92 creatures vanquished

Notes
Turn   | Place    | Note
-------+----------+-------------------------------------------
     0 | D:1      | cforsyth the Octopode Summoner began the quest for the Orb.
     0 | D:1      | Reached XP level 1. HP: 11/11 MP: 3/3
    54 | D:1      | Found Noacammeni's Antique Weapon Boutique.
   121 | D:1      | Reached XP level 2. HP: 8/17 MP: 5/5
   514 | D:1      | Reached XP level 3. HP: 21/21 MP: 3/6
   560 | D:1      | Learned a level 2 spell: Call Imp
   564 | D:1      | Learned a level 3 spell: Call Canine Familiar
  1097 | D:2      | Reached XP level 4. HP: 12/27 MP: 1/8
  1257 | D:2      | Reached skill level 5 in Summonings
  1423 | D:2      | Identified the +6 dagger "Cuufieso" {spect, rElec rC++}
  1881 | D:3      | Found a hazy altar of Hepliaklqana.
  2187 | D:3      | Reached XP level 5. HP: 31/31 MP: 10/10
  2252 | D:3      | Found a white marble altar of Elyvilon.
  2834 | D:4      | Found a staircase to the Ecumenical Temple.
  2877 | Temple   | Entered the Ecumenical Temple
  2930 | Temple   | Became a worshipper of Gozag Ym Sagoz the Greedy
  3024 | D:4      | Found a runed translucent door.
  3024 | D:4      | Noticed relicbr's ghost (amateur HOMo)
  3146 | D:4      | Noticed a yak
  3146 | D:4      | Noticed a yak
  3154 | D:4      | Learned a level 3 spell: Summon Guardian Golem
  3156 | D:4      | Noticed a yak
  3156 | D:4      | Noticed a yak
  3157 | D:4      | Noticed a yak
  3160 | D:4      | Noticed a yak
  3164 | D:4      | Killed a yak
  3164 | D:4      | Killed a yak
  3165 | D:4      | Reached skill level 5 in Spellcasting
  3165 | D:4      | Reached skill level 6 in Summonings
  3165 | D:4      | Reached XP level 6. HP: 36/36 MP: 4/13
  3165 | D:4      | Reached XP level 7. HP: 41/41 MP: 4/14
  3165 | D:4      | Killed a yak
  3165 | D:4      | Killed a yak
  3166 | D:4      | Reached skill level 7 in Summonings
  3170 | D:4      | Killed a yak
  3171 | D:4      | Reached XP level 8. HP: 46/46 MP: 2/17
  3173 | D:4      | Killed a yak
  3375 | D:4      | Got the Secrets of the Lethal Tektite
  3533 | D:4      | Reached skill level 8 in Summonings
  3536 | D:4      | Slain by a gnoll

Illustrated notes

Levels and vault maps discovered:
D:1:      minmay_arrival_four_circles, layout_loops_ring, serial_shops,
          nicolae_shop_overgrown_old_shop
D:2:      layout_basic
D:3:      layout_loops_ring, mainiacjoe_overflow_catch_the_wave
D:4:      layout_basic, temple_hall, gammafunk_ghost_grave
Temple:   jpeg_temple_clearing

Skill      XL: |  1  2  3  4  5  6  7  8 |
---------------+-------------------------+-----
Spellcasting   | 3 5 6 |  6.5
Summonings     | 5 6 7 8 |  8.0
Dodging        | |  2.0
Stealth        | |  2.6

Action                     |  1- 3 |  4- 6 |  7- 9 || total
---------------------------+-------+-------+-------++-------
  Melee: Unarmed           |    19 |       |       ||    19
         Tentacles         |    12 |    13 |     2 ||    27
         Constrict         |    17 |    18 |     3 ||    38
         Staff             |    43 |    10 |       ||    53
         Dagger            |       |    42 |     6 ||    48
   Cast: Summon Small Mamm |    19 |    16 |     4 ||    39
         Call Imp          |     4 |     5 |     3 ||    12
         Call Canine Famil |     3 |     7 |     3 ||    13
         Summon Guardian G |       |     1 |     1 ||     2
   Stab: Sleeping          |       |     8 |       ||     8
 Armour: Skin              |     7 |     3 |     1 ||    11
  Dodge: Dodged            |    58 |    24 |     6 ||    88
  Block: Other             |       |     1 |     3 ||     4

Table legend: (Time is in decaauts)
 A = Elapsed time spent in this place.
 B = Non-inter-level travel time spent in this place.
 C = Inter-level travel time spent in this place.
 D = Time resting spent in this place.
 E = Time spent auto-exploring this place.
 F = Levels seen in this place.
 G = Mean time per level.
                   A        B        C        D        E       F      G
               +--------+--------+--------+--------+--------+-----+--------+
         Total |   3544 |   3421 |    123 |     10 |   2746 |   5 |  708.8 |
       Dungeon |   3472 |   3367 |    105 |     10 |   2707 |   4 |  868.0 |
        Temple |     71 |     53 |     18 |      0 |     39 |   1 |   71.0 |
               +--------+--------+--------+--------+--------+-----+--------+

Top non-repeatable levels by time:
     D:2: 1027 daAuts
     D:1: 847 daAuts
     D:4: 804 daAuts
     D:3: 793 daAuts
  Temple: 71 daAuts
